 Dungeon Crawl Stone Soup version 0.29-a0-333-gb4c28e87c6 (webtiles) character file.

Game seed: 8437070631487718828

1101 Murumi the Cleaver (level 8, -3/70 HPs)
             Began as a Hill Orc Fighter on Apr 13, 2022.
             Was a Follower of Beogh.
             Slain by a hornet (12 damage)
             ... on level 8 of the Dungeon.
             The game lasted 00:18:11 (5135 turns).

Murumi the Cleaver (Hill Orc Fighter)               Turns: 5135, Time: 00:18:12

Health: -3/70      AC: 18    Str: 19    XL:     8   Next: 32%
Magic:  11/11      EV:  7    Int:  8    God:    Beogh [*.....]
Gold:   275        SH:  5    Dex: 12    Spells: 7/7 levels left

rFire   . . .      SeeInvis .   a - +1 war axe
rCold   . . .      Faith    +   c - +0 buckler
rNeg    . . .      Spirit   .   l - +0 shadow dragon scales
rPois   .          Reflect  .   o - +0 helmet
rElec   .          Harm     .   (no cloak)
rCorr   .          Rampage  .   (no gloves)
Will    .....                   (no boots)
Stlth   ++........              q - amulet of faith
HPRegen 0.21/turn               e - +4 ring of protection
MPRegen 0.12/turn               (no ring)

@: slowed, very slow
A: no striking features
a: Renounce Religion


You were on level 8 of the Dungeon.
You worshipped Beogh.
Beogh was aware of your devotion.
You visited 1 branch of the dungeon, and saw 6 of its levels.

You collected 275 gold pieces.

Inventory:

Hand Weapons
 a - a +1 war axe (weapon)
Armour
 b - the +1 leather armour of Lifelessness {Int+3}
   (You found it on level 3 of the Dungeon)

   Int:       It affects your intelligence (+3).
 c - a +0 buckler (worn)
 l - +0 shadow dragon scales (worn)
 o - a +0 helmet (worn)
Jewellery
 e - a +4 ring of protection (left hand)
 q - an amulet of faith (around neck)
Wands
 g - a wand of flame (38)
 k - a wand of iceblast (14)
Scrolls
 i - 4 scrolls of identify
 m - a scroll of teleportation
Potions
 d - 3 potions of might
 f - a potion of mutation
 h - a potion of flight
 j - a potion of cancellation
 n - a potion of curing
 p - 2 potions of haste


   Skills:
 + Level 6.0 Fighting
 - Level 8.0 Axes
 - Level 5.0 Armour
 - Level 1.0 Dodging
 - Level 5.0 Shields
 - Level 4.0 Invocations
 - Level 2.0 Evocations


You had 7 spell levels left.
You didn't know any spells.
Your spell library contained the following spells:

 Spells                   Type           Power      Damage    Failure   Level
 Apportation              Tloc           0%         N/A       99%         1
 Magic Dart               Conj           0%         1d3       99%         1
 Sting                    Tmut/Pois      0%         1d3       99%         1
 Call Imp                 Summ           0%         N/A       100%        2
 Poisonous Vapours        Pois/Air       0%         N/A       100%        2
 Confusing Touch          Hex            0%         N/A       100%        3
 Mephitic Cloud           Conj/Pois/Air  0%         N/A       100%        3
 Olgreb's Toxic Radiance  Pois           0%         N/A       100%        4
 Alistair's Intoxication  Tmut/Pois      0%         N/A       100%        5
 Yara's Violent Unravell  Hex/Tmut       0%         3d3       100%        5
 Enfeeble                 Hex            0%         N/A       100%        7
 Ozocubu's Refrigeration  Ice            0%         4d5       100%        7
 Ignition                 Fire           0%         3d3       100%        8


Dungeon Overview and Level Annotations

Branches:
Dungeon (8/15)
 Temple: D:4-7         Lair: D:8-11

Altars:
Ashenzari
Uskayaw
Vehumet
Wu Jian
Xom
The Shining One


Message History

The hornet stings you.
You are poisoned.
You shrug off the repeated paralysis!
The hornet stings you but does no damage.
You feel very sick. The hornet barely misses you.
You feel very sick.
The hornet stings you but does no damage.
The hornet stings you!
* * * LOW HITPOINT WARNING * * *
You feel as though you will be slow longer.
You can move again.
Unknown command.
Okay, then.
You hit the hornet but do no damage.
The hornet is severely wounded.
You feel very sick.
The hornet stings you but does no damage.
The hornet barely misses you.
You closely miss the hornet.
The hornet is severely wounded.
You feel sick. The hornet barely misses you. x2
You barely miss the hornet.
The hornet is severely wounded.
You feel sick.
The hornet stings you but does no damage. x2
The hornet barely misses you.
You hit the hornet.
The hornet is severely wounded.
You feel sick. The hornet stings you.
* * * LOW HITPOINT WARNING * * *
You feel as though you will be slow longer.
The hornet completely misses you.
The hornet stings you but does no damage.
You miss the hornet.
The hornet is severely wounded.
You feel sick.
You are no longer poisoned.
The hornet stings you!
You die...

###### # #. ..#
...#.#.##.#######
.......<........$
..####.#.#######
#....#.#
#...@#.######.
.(....#y#........
...#..#.#.####..##
...#.##.#.###....#
#..#. #.#.....#
..#.##.#.#..## #.#
.#.#.#.##
#.##.#.#.#..
#....#.#.##..


You could see a hornet.

Vanquished Creatures
  4 yaks (D:5)
  A black bear (D:5)
  A phantom (D:4)
  A necrophage (D:5)
  A scorpion (D:5)
  A jelly (D:5)
  2 hounds
  4 adders
  An ufetubus (D:4)
  3 worms
  4 dart slugs
  4 orcs
  12 bats
  8 endoplasms
  A giant cockroach (D:2)
  A hobgoblin (D:2)
  8 jackals
  7 quokkas
  5 ball pythons
  A frilled lizard (D:1)
  14 goblins
  12 kobolds
  3 rats
99 creatures vanquished.

Vanquished Creatures (others)
  An orc (D:3)
  A giant cockroach (D:3)
2 creatures vanquished.

Grand Total: 101 creatures vanquished

Notes
Turn   | Place    | Note
-------+----------+-------------------------------------------
     0 | D:1      | Murumi the Hill Orc Fighter began the quest for the Orb.
     0 | D:1      | Reached XP level 1. HP: 19/19 MP: 1/1
    61 | D:1      | Reached skill level 3 in Axes
   127 | D:1      | Reached XP level 2. HP: 21/27 MP: 2/2
   549 | D:1      | Reached XP level 3. HP: 33/33 MP: 3/3
   620 | D:1      | Found a faded altar of an unknown god.
  1223 | D:2      | Found a broken altar of Ashenzari.
  1429 | D:2      | Reached XP level 4. HP: 37/40 MP: 4/4
  1601 | D:2      | Reached skill level 4 in Axes
  2277 | D:3      | Found a broken altar of Ashenzari.
  2336 | D:3      | Became a worshipper of Beogh the Brigand
  2345 | D:3      | Reached skill level 1 in Evocations
  2345 | D:3      | Reached skill level 1 in Invocations
  2483 | D:3      | Found a faded altar of an unknown god.
  2483 | D:3      | Found a radiant altar of Vehumet.
  2488 | D:3      | Identified the +1 leather armour of Lifelessness {Int+3}
  2490 | D:3      | Found an ornate altar of the Wu Jian Council.
  2496 | D:3      | Found a faded altar of an unknown god.
  2497 | D:3      | Found a glowing golden altar of the Shining One.
  3050 | D:4      | Noticed a phantom
  3070 | D:4      | Killed a phantom
  3071 | D:4      | Reached skill level 1 in Dodging
  3071 | D:4      | Reached skill level 5 in Axes
  3071 | D:4      | Reached XP level 5. HP: 37/46 MP: 6/6
  3333 | D:4      | Reached * piety under Beogh
  3898 | D:5      | Entered Level 5 of the Dungeon
  3921 | D:4      | Reached skill level 5 in Fighting
  3921 | D:4      | Reached XP level 6. HP: 51/56 MP: 7/7
  4026 | D:5      | Noticed a yak
  4027 | D:5      | Noticed a yak
  4028 | D:5      | Noticed a yak
  4030 | D:5      | Noticed a yak
  4039 | D:5      | Killed a yak
  4040 | D:5      | Reached skill level 6 in Axes
  4045 | D:5      | Killed a yak
  4046 | D:5      | Reached skill level 7 in Axes
  4046 | D:5      | Reached XP level 7. HP: 44/61 MP: 7/9
  4054 | D:5      | Killed a yak
  4055 | D:5      | Reached skill level 5 in Shields
  4061 | D:5      | Killed a yak
  4358 | D:5      | Reached XP level 8. HP: 61/70 MP: 10/10
  4410 | D:5      | Reached skill level 5 in Armour
  4600 | D:5      | Reached skill level 8 in Axes
  4728 | D:5      | Found a hide-covered altar of Uskayaw.
  4973 | D:5      | You fall into a shaft and drop 3 floors!
  4973 | D:8      | Found a shimmering altar of Xom.
  5121 | D:8      | Noticed a hornet
  5128 | D:8      | Paralysed by a hornet for 3 turns
  5135 | D:8      | Slain by a hornet

Illustrated notes

Levels and vault maps discovered:
D:1:      lightli_arrival_statue_moat, layout_loops_ring,
          nicolae_ecumenical_lake_church
D:2:      layout_loops_ring, basic_altar, minmay_misc_feat_roman,
          minmay_pentomino_o2
D:3:      layout_basic, mainiacjoe_overflow_brackets,
          chequers_temple_overflow_minitemple
D:4:      layout_basic, minmay_diced_spiral
D:5:      layout_basic, mainiacjoe_overflow_cross_hatched
D:8:      layout_basic, mainiacjoe_overflow_alcove_1,
          minmay_fractal_squares_gapless_5

Skill      XL: |  1  2  3  4  5  6  7  8 |
---------------+-------------------------+-----
Axes           | 3 5 7 8 |  8.0
Fighting       | 4 5 6 |  6.0
Shields        | 4 5 |  5.0
Armour         | 4 5 |  5.0
Evocations     | 1 2 |  2.0
Invocations    | 2 3 4 |  4.0
Dodging        | 1 |  1.0

Action                   |  1- 3 |  4- 6 |  7- 9 || total
-------------------------+-------+-------+-------++-------
Melee: War axe           |    92 |   121 |    59 ||   272
Invok: Convert to Beogh  |       |     1 |       ||     1
  Use: Scroll            |     2 |     8 |     1 ||    11
 Stab: Sleeping          |       |     2 |     2 ||     4
Armor: Scale mail        |    68 |    19 |       ||    87
       Shadow dragon sca |       |    69 |    38 ||   107
Dodge: Dodged            |    55 |    32 |    25 ||   112
Block: Buckler           |    28 |    30 |    15 ||    73

Table legend: (Time is in decaauts)
 A = Elapsed time spent in this place.
 B = Non-inter-level travel time spent in this place.
 C = Inter-level travel time spent in this place.
 D = Time resting spent in this place.
 E = Time spent auto-exploring this place.
 F = Levels seen in this place.
 G = Mean time per level.
                   A        B        C        D        E       F      G
               +--------+--------+--------+--------+--------+-----+--------+
         Total |   5229 |   4881 |    348 |      0 |   4127 |   6 |  871.5 |
       Dungeon |   5229 |   4881 |    348 |      0 |   4127 |   6 |  871.5 |
               +--------+--------+--------+--------+--------+-----+--------+

Top non-repeatable levels by time:
     D:4: 1286 daAuts
     D:1: 1085 daAuts
     D:5: 969 daAuts
     D:3: 879 daAuts
     D:2: 842 daAuts
     D:8: 166 daAuts
